 Dungeon Crawl Stone Soup version 0.21-a0-110-g8e1637b (webtiles) character file.

109 Gorglomux the Skirmisher (level 4, -1/38 HPs)
             Began as a Hill Orc Artificer on July 10, 2017.
             Slain by a goblin (4 damage)
             ... on level 2 of the Dungeon.
             The game lasted 00:02:40 (2423 turns).

Gorglomux the Skirmisher (Hill Orc Artificer)       Turns: 2423, Time: 00:02:41

Health: -1/38      AC:  5    Str: 15    XL:     4   Next: 90%
Magic:  6/6        EV: 10    Int: 11    God:
Gold:   86         SH:  4    Dex: 11    Spells: 3/3 levels left

rFire    . . .     SeeInvis .   a - +0 short sword
rCold    . . .     Gourm    .   M - +0 buckler
rNeg     . . .     Faith    .   X - +0 ring mail
rPois    .         Spirit   .   (no helmet)
rElec    .         Reflect  .   (no cloak)
rCorr    .         Harm     .   (no gloves)
MR       .....                  (no boots)
Stlth    ++........             (no amulet)
HPRegen  0.12/turn              x - ring of stealth
MPRegen  0.10/turn              (no ring)

@: starving
A: no striking features
a: no special abilities


You were on level 2 of the Dungeon.
You were starving.

You visited 1 branch of the dungeon, and saw 2 of its levels.

You collected 86 gold pieces.

Inventory:

Hand Weapons
 a - a +0 short sword (weapon)
Missiles
 L - 26 stones (quivered)
 Z - a throwing net
Armour
 b - a +0 leather armour
 M - a +0 buckler (worn)
 X - a +0 ring mail (worn)
Jewellery
 x - a ring of stealth (left hand)
Wands
 c - a wand of flame (12/48)
 e - a wand of random effects (13/48)
 E - a wand of enslavement (8/24)
Scrolls
 F - 2 scrolls of fear {unknown}
 H - 2 scrolls of blinking {unknown}
 P - a scroll of enchant weapon {unknown}
 R - a scroll of teleportation {unknown}
 T - a scroll of remove curse {unknown}
 V - a scroll of enchant armour {unknown}
 Y - 3 scrolls of identify {unknown}
Potions
 G - 2 potions of resistance {unknown}
 I - a potion of brilliance {unknown}
 K - 3 potions of curing {unknown}
 Q - 3 potions of might {unknown}
 S - a potion of berserk rage {unknown}
Comestibles
 f - 2 bread rations
 N - a royal jelly


   Skills:
 + Level 3.2 Fighting
 - Level 1.0 Short Blades
 + Level 2.9 Armour
 - Level 1.5 Dodging
 - Level 0.7 Stealth
 + Level 2.1 Shields
 - Level 3.0 Evocations


You had 3 spell levels left.
You didn't know any spells.

Dungeon Overview and Level Annotations

Branches:
Dungeon (2/15)

Altars:


Message History

The goblin hits you.
* * * LOW HITPOINT WARNING * * *
The goblin closely misses you.
You closely miss the goblin.
The goblin is severely wounded.
The goblin barely misses you.
You barely miss the goblin.
The goblin is severely wounded.
The goblin hits you.
* * * LOW HITPOINT WARNING * * *
You hit the goblin but do no damage.
The goblin is severely wounded.
The goblin hits you but does no damage.
You closely miss the goblin.
The goblin is severely wounded.
The goblin misses you.
You hit the goblin.
The goblin is almost dead.
The goblin hits you.
You die...

#.# # ##...## #.#
###.#### #.....# #.#
.. ...# ##...## ####.#
#.##.########.######
.....#
#...................
######
####.########.######
#.# #.# #.######.#
###.#### #.....g@.#
#......# ##########
#.#.##.# #.#.##.#
##########.#.##.###
####..................
###
#....##.##.##.#.##.###
..#
#.......##.##....#.#
#.#####
#..........##......#
......#
##.##########......#


You could see a goblin.

Vanquished Creatures
  Jessica (D:2)
  A gnoll (D:2)
  2 adders (D:2)
  An ooze (D:1)
  A worm (D:2)
  3 dart slugs
  A giant cockroach (D:1)
  5 goblins (D:1)
  4 hobgoblins
  3 jackals (D:2)
  6 kobolds
  6 bats
  2 frilled lizards
  4 rats
40 creatures vanquished.

Vanquished Creatures (collateral kills)
  A gnoll (D:2)
1 creature vanquished.

Vanquished Creatures (others)
  2 gnolls (D:2)
  2 hobgoblins
4 creatures vanquished.

Grand Total: 45 creatures vanquished

Notes
Turn   | Place    | Note
-------+----------+-------------------------------------------
     0 | D:1      | Gorglomux the Hill Orc Artificer began the quest for the Orb.
     0 | D:1      | Reached XP level 1. HP: 16/16 MP: 3/3
   276 | D:1      | Reached skill level 1 in Armour
   279 | D:1      | Reached XP level 2. HP: 10/24 MP: 4/4
   959 | D:1      | Reached XP level 3. HP: 28/30 MP: 5/5
  1330 | D:2      | Noticed Jessica
  1345 | D:2      | Killed Jessica
  1345 | D:2      | Reached skill level 1 in Shields
  1558 | D:2      | Reached XP level 4. HP: 37/37 MP: 6/6
  2333 | D:2      | Reached skill level 3 in Fighting
  2423 | D:2      | Slain by a goblin

Vault maps used:
D:1:      dpeg_arrival_rooms_c, serial_bayou_lake_a
D:2:      uniq_jessica

Skill      XL: |  1  2  3  4 |
---------------+-------------+-----
Armour         | 1 2 |  2.9
Fighting       | 2 3 |  3.2
Shields        | 1 2 |  2.1
Short Blades   | |  1.0
Dodging        | |  1.5
Stealth        | |  0.7
Evocations     | |  3.0

Action                   |  1- 3 |  4- 6 || total
-------------------------+-------+-------++-------
Melee: Short sword       |   101 |    97 ||   198
Throw: Stone             |     2 |     5 ||     7
Evoke: Wand              |     9 |     3 ||    12
 Stab: Paralysed         |     1 |       ||     1
  Eat: Chunk             |     2 |     1 ||     3
Armor: Leather armour    |    32 |    27 ||    59
       Ring mail         |       |     1 ||     1
Dodge: Dodged            |    85 |    55 ||   140
Block: Buckler           |     5 |    16 ||    21
